 Dungeon Crawl Stone Soup version 0.29.0-4-gdea44cf6ec (webtiles) character file.

Game seed: 1623192839505119967

98 qw the Caller (level 4, -2/36 HPs)
             Began as a Ghoul Summoner on Sept 9, 2022.
             Slain by an iron imp (6 damage)
             ... summoned by Natasha
             ... on level 3 of the Dungeon.
             The game lasted 00:01:33 (3269 turns).

qw the Caller (Ghoul Summoner)                      Turns: 3269, Time: 00:01:34

Health: -2/36      AC: 10    Str: 13      XL:     4   Next: 71%
Magic:  5/5        EV:  9    Int: 10      God:
Gold:   81         SH:  0    Dex:  8 (9)  Spells: 5/6 levels left

rFire   . . .      SeeInvis .   Y - +0 rapier
rCold   + . .      Faith    .   (no shield)
rNeg    + + +      Spirit   .   q - +0 scale mail
rPois   inf        Reflect  .   l - +0 helmet
rElec   .          Harm     .   r - +0 cloak
rCorr   .          Rampage  .   d - +0 pair of gloves
Will    .....                   s - +0 pair of boots
Stlth   ..........              (no amulet)
HPRegen 0.00/turn               (no ring)
MPRegen 0.09/turn               (no ring)

@: about to teleport, inhibited regen
A: claws 1, cold resistance 1, negative energy resistance 3, inhibited
regeneration, torment resistance 2, devour on kill
a: no special abilities


You were on level 3 of the Dungeon.
You visited 1 branch of the dungeon, and saw 3 of its levels.

You collected 81 gold pieces.


Innate Abilities, Weirdness & Mutations

You are immune to poison.
You have sharp fingernails.
Your flesh is cold resistant. (rC+)
You are immune to negative energy. (rN+++)
You do not regenerate when monsters are visible.
You are immune to unholy pain and torment.
You thrive by killing the living.


   Skills:
 - Level 2.0 Fighting
 + Level 2.9 Axes
 - Level 1.1 Armour
 - Level 1.7 Dodging
 - Level 2.1 Stealth
 - Level 1.7 Spellcasting
 - Level 3.6 Summonings


You had 5 spell levels left.
You knew the following spells:

 Your Spells              Type           Power      Damage    Failure   Level
a - Summon Small Mammal   Summ           32%        N/A       34%         1

Your spell library contained the following spells:

 Spells                   Type           Power      Damage    Failure   Level
 Call Imp                 Summ           8%         N/A       47%         2
 Call Canine Familiar     Summ           8%         N/A       71%         3
 Summon Guardian Golem    Hex/Summ       4%         N/A       92%         3
 Summon Lightning Spire   Summ/Air       4%         N/A       100%        4

Inventory:

Hand Weapons
 Y - a +0 rapier (weapon)
Armour
 d - a +0 pair of gloves (worn)
 l - a +0 helmet (worn)
 q - a +0 scale mail (worn)
 r - a +0 cloak (worn)
 s - a +0 pair of boots (worn)
Jewellery
 b - a ring of ice
 t - a ring of ice
Scrolls
 f - a scroll of identify
 g - a scroll of torment {unknown}
Potions
 c - a potion of heal wounds
 e - a potion of invisibility
 h - a potion of might
 i - a potion of cancellation
 n - a potion of curing {unknown}
 p - 2 potions of mutation

Dungeon Overview and Level Annotations

Branches:
Dungeon (3/15)

Altars:

Annotations:
D:3 Natasha


Message History

Something claws you but does no damage.
You barely miss something.
You hear some strange, mumbled words.
You hit the iron imp.
The iron imp is lightly wounded.
Something claws you.
You closely miss the iron imp.
The iron imp is lightly wounded.
The iron imp closely misses you. Something claws you but does no damage.
You hit the iron imp.
The iron imp is moderately wounded.
Natasha appears from thin air!
Reactivating autopickup.
Natasha closely misses you.
The iron imp hits you but does no damage.
Natasha barely misses you.
You hit the iron imp.
The iron imp is heavily wounded.
The iron imp hits you. Natasha claws you but does no damage.
You hit the iron imp.
The iron imp is heavily wounded.
The iron imp hits you. Natasha claws you but does no damage.
You closely miss the iron imp.
The iron imp is heavily wounded.
The iron imp hits you. Natasha barely misses you.
You hit the iron imp but do no damage.
The iron imp is heavily wounded.
Natasha stares at you and mumbles some strange words.
You resist with some effort. The iron imp barely misses you.
You hit the iron imp.
The iron imp is severely wounded.
Natasha casts a spell at you. The magic dart hits you!
The iron imp hits you but does no damage.
Natasha claws you but does no damage.
3269 ||| READING scroll of teleportation.
As you read the scroll of teleportation, it crumbles to dust.
You feel strangely unstable. The iron imp hits you.
You die...

. .. .. . .# ###$..
.....######....
............##.#
....#. #h@5....#
......##....##.#
....#...##..# .#
#...#.....# .#
##........##.#
####........#
#..........######
.....####...........
....# #...........


You could see an iron imp (summoned) and Natasha.

Vanquished Creatures
  Robin (D:2)
  2 adders
  A worm (D:3)
  A dart slug (D:3)
  4 endoplasms
  2 giant cockroaches (D:1)
  4 hobgoblins
  A quokka (D:2)
  6 ball pythons
  5 bats
  A frilled lizard (D:1)
  9 goblins (D:2)
  4 kobolds
  2 rats (D:2)
43 creatures vanquished.

Vanquished Creatures (collateral kills)
  An endoplasm (D:1)
  2 goblins (D:1)
  2 hobgoblins (D:1)
  5 ball pythons (D:1)
  3 bats (D:1)
  5 frilled lizards (D:1)
  A rat (D:1)
19 creatures vanquished.

Grand Total: 62 creatures vanquished

Notes
Turn   | Place    | Note
-------+----------+-------------------------------------------
     0 | D:1      | qw the Ghoul Summoner began the quest for the Orb.
     0 | D:1      | Reached XP level 1. HP: 14/14 MP: 2/2
     0 | D:1      | 0 ||| qw: Version: 0.1-a-113-g051387a
     0 | D:1      | 0 ||| qw: Game counter: 7063
     0 | D:1      | 0 ||| qw: Always use a shield: true
     0 | D:1      | 0 ||| qw: God list: Okawaru
     0 | D:1      | 0 ||| qw: Allow faded altars: false
     0 | D:1      | 0 ||| qw: Do Orc after D:15 true
     0 | D:1      | 0 ||| qw: Do second Lair branch before Depths: true
     0 | D:1      | 0 ||| qw: Lair rune preference: random
     0 | D:1      | 0 ||| qw: Plans: Normal
     0 | D:1      | 0 ||| PLANNING D:1-11
    36 | D:1      | 36 ||| CASTING Summon Small Mammal
    37 | D:1      | 37 ||| CASTING Summon Small Mammal
    92 | D:1      | 92 ||| CASTING Summon Small Mammal
    93 | D:1      | 93 ||| CASTING Summon Small Mammal
   104 | D:1      | Reached skill level 1 in Axes
   105 | D:1      | 105 ||| CASTING Summon Small Mammal
   345 | D:1      | 345 ||| CASTING Summon Small Mammal
   346 | D:1      | 346 ||| CASTING Summon Small Mammal
   399 | D:1      | 399 ||| CASTING Summon Small Mammal
   400 | D:1      | 400 ||| CASTING Summon Small Mammal
   402 | D:1      | Reached XP level 2. HP: 22/22 MP: 0/3
   451 | D:1      | 451 ||| CASTING Summon Small Mammal
   452 | D:1      | 452 ||| CASTING Summon Small Mammal
   453 | D:1      | 453 ||| CASTING Summon Small Mammal
   457 | D:1      | Reached skill level 1 in Fighting
   492 | D:1      | 492 ||| Wielding weapon +0 club.
   501 | D:1      | 501 ||| CASTING Summon Small Mammal
   502 | D:1      | 502 ||| CASTING Summon Small Mammal
   503 | D:1      | 503 ||| CASTING Summon Small Mammal
   551 | D:1      | 551 ||| CASTING Summon Small Mammal
   552 | D:1      | 552 ||| CASTING Summon Small Mammal
   553 | D:1      | 553 ||| CASTING Summon Small Mammal
   557 | D:1      | 557 ||| Stepping ~*~*~tactically~*~*~ (stealth).
   564 | D:1      | 564 ||| CASTING Summon Small Mammal
   566 | D:1      | 566 ||| Stepping ~*~*~tactically~*~*~ (outnumbered).
   567 | D:1      | 567 ||| Stepping ~*~*~tactically~*~*~ (outnumbered).
   580 | D:1      | 580 ||| CASTING Summon Small Mammal
   587 | D:1      | 587 ||| CASTING Summon Small Mammal
   633 | D:1      | 633 ||| CASTING Summon Small Mammal
   634 | D:1      | 634 ||| CASTING Summon Small Mammal
   635 | D:1      | 635 ||| CASTING Summon Small Mammal
   672 | D:1      | 672 ||| CASTING Summon Small Mammal
   673 | D:1      | 673 ||| CASTING Summon Small Mammal
   674 | D:1      | 674 ||| CASTING Summon Small Mammal
   719 | D:1      | 719 ||| CASTING Summon Small Mammal
   720 | D:1      | 720 ||| CASTING Summon Small Mammal
   721 | D:1      | 721 ||| CASTING Summon Small Mammal
   818 | D:1      | 818 ||| CASTING Summon Small Mammal
   819 | D:1      | 819 ||| CASTING Summon Small Mammal
   820 | D:1      | 820 ||| CASTING Summon Small Mammal
   869 | D:1      | 869 ||| CASTING Summon Small Mammal
   870 | D:1      | 870 ||| CASTING Summon Small Mammal
   871 | D:1      | 871 ||| CASTING Summon Small Mammal
   881 | D:1      | 881 ||| CASTING Summon Small Mammal
   985 | D:1      | 985 ||| CASTING Summon Small Mammal
   986 | D:1      | 986 ||| CASTING Summon Small Mammal
   987 | D:1      | 987 ||| CASTING Summon Small Mammal
  1024 | D:1      | 1024 ||| SWAPPING to +0 whip.
  1025 | D:1      | 1025 ||| DROPPING +0 club.
  1105 | D:1      | 1105 ||| CASTING Summon Small Mammal
  1106 | D:1      | 1106 ||| CASTING Summon Small Mammal
  1107 | D:1      | 1107 ||| CASTING Summon Small Mammal
  1117 | D:1      | 1117 ||| CASTING Summon Small Mammal
  1119 | D:1      | Reached XP level 3. HP: 28/28 MP: 0/4
  1172 | D:1      | 1172 ||| CASTING Summon Small Mammal
  1173 | D:1      | 1173 ||| CASTING Summon Small Mammal
  1174 | D:1      | 1174 ||| CASTING Summon Small Mammal
  1175 | D:1      | 1175 ||| CASTING Summon Small Mammal
  1220 | D:1      | 1220 ||| CASTING Summon Small Mammal
  1221 | D:1      | 1221 ||| CASTING Summon Small Mammal
  1222 | D:1      | 1222 ||| CASTING Summon Small Mammal
  1223 | D:1      | 1223 ||| CASTING Summon Small Mammal
  1230 | D:1      | 1230 ||| CASTING Summon Small Mammal
  1398 | D:1      | Found a faded altar of an unknown god.
  1404 | D:1      | 1404 ||| CASTING Summon Small Mammal
  1405 | D:1      | 1405 ||| CASTING Summon Small Mammal
  1406 | D:1      | 1406 ||| CASTING Summon Small Mammal
  1407 | D:1      | 1407 ||| CASTING Summon Small Mammal
  1461 | D:1      | 1461 ||| CASTING Summon Small Mammal
  1462 | D:1      | 1462 ||| CASTING Summon Small Mammal
  1463 | D:1      | 1463 ||| CASTING Summon Small Mammal
  1464 | D:1      | 1464 ||| CASTING Summon Small Mammal
  1686 | D:1      | 1686 ||| CASTING Summon Small Mammal
  1687 | D:1      | 1687 ||| CASTING Summon Small Mammal
  1688 | D:1      | 1688 ||| CASTING Summon Small Mammal
  1689 | D:1      | 1689 ||| CASTING Summon Small Mammal
  1746 | D:1      | 1746 ||| CASTING Summon Small Mammal
  1747 | D:1      | 1747 ||| CASTING Summon Small Mammal
  1748 | D:1      | 1748 ||| CASTING Summon Small Mammal
  1749 | D:1      | 1749 ||| CASTING Summon Small Mammal
  1758 | D:1      | 1758 ||| CASTING Summon Small Mammal
  1929 | D:1      | 1929 ||| UPGRADING to +0 pair of gloves.
  1934 | D:1      | 1934 ||| UPGRADING to +0 helmet.
  1939 | D:1      | 1939 ||| UPGRADING to +0 scale mail.
  1949 | D:1      | 1949 ||| DROPPING +0 robe.
  1950 | D:1      | 1950 ||| UPGRADING to +0 cloak.
  1955 | D:1      | 1955 ||| UPGRADING to +0 pair of boots.
  1960 | D:1      | 1960 ||| DROPPING ring of flight.
  1961 | D:1      | 1961 ||| READING scroll labelled EXERYNAILL.
  1962 | D:1      | 1962 ||| READING 2 scrolls labelled QIUGHATR PICA.
  1963 | D:1      | 1963 ||| READING scroll labelled RUILIU WARR.
  1964 | D:1      | 1964 ||| READING scroll labelled SYUCUSKY JEYRPH.
  1965 | D:1      | 1965 ||| READING scroll labelled SAQIM XIFFUK.
  1966 | D:1      | 1966 ||| DRINKING 2 glowing amethyst potions.
  1967 | D:1      | 1967 ||| DROPPING potion of magic.
  2019 | D:2      | 2019 ||| SWAPPING to +0 rapier.
  2020 | D:2      | 2020 ||| DROPPING +1 whip.
  2150 | D:2      | 2150 ||| Stepping ~*~*~tactically~*~*~ (stealth).
  2154 | D:2      | 2154 ||| Stepping ~*~*~tactically~*~*~ (outnumbered).
  2155 | D:2      | 2155 ||| Stepping ~*~*~tactically~*~*~ (outnumbered).
  2156 | D:2      | 2156 ||| Stepping ~*~*~tactically~*~*~ (outnumbered).
  2157 | D:2      | 2157 ||| Stepping ~*~*~tactically~*~*~ (outnumbered).
  2158 | D:2      | 2158 ||| Stepping ~*~*~tactically~*~*~ (outnumbered).
  2209 | D:2      | 2209 ||| FLEEEEING.
  2210 | D:2      | 2210 ||| FLEEEEING.
  2340 | D:2      | Identified the +0 leather armour "Fiskeh" {+Blink rPois}
  2377 | D:2      | Identified the +3 dagger "Evvoc" {vorpal, rF+ MP+9}
  2398 | D:2      | Reached skill level 1 in Armour
  2508 | D:2      | 2508 ||| Stepping ~*~*~tactically~*~*~ (stealth).
  2519 | D:2      | 2519 ||| Stepping ~*~*~tactically~*~*~ (stealth).
  2528 | D:2      | Reached XP level 4. HP: 33/36 MP: 5/5
  2542 | D:2      | Noticed Robin
  2556 | D:2      | Killed Robin
  2566 | D:2      | 2566 ||| Stepping ~*~*~tactically~*~*~ (stealth).
  2567 | D:2      | 2567 ||| Stepping ~*~*~tactically~*~*~ (stealth).
  2572 | D:2      | 2572 ||| Stepping ~*~*~tactically~*~*~ (outnumbered).
  2573 | D:2      | 2573 ||| Stepping ~*~*~tactically~*~*~ (outnumbered).
  2574 | D:2      | 2574 ||| Stepping ~*~*~tactically~*~*~ (outnumbered).
  2575 | D:2      | 2575 ||| Stepping ~*~*~tactically~*~*~ (outnumbered).
  2577 | D:2      | 2577 ||| Stepping ~*~*~tactically~*~*~ (outnumbered).
  2885 | D:2      | 2885 ||| DROPPING +0 leather armour "Fiskeh" {+Blink
                  | rPois}.
  2886 | D:2      | 2886 ||| READING 2 scrolls labelled VOLAEK BUCSIA.
  2889 | D:2      | 2889 ||| READING scroll labelled QETOUFIMUI.
  2890 | D:2      | 2890 ||| DRINKING 3 fuming silvery potions.
  2891 | D:2      | 2891 ||| READING 3 scrolls of identify.
  2891 | D:2      | 2891 ||| IDENTIFYING gluggy blue potion
  2892 | D:2      | 2892 ||| READING 2 scrolls of identify.
  2892 | D:2      | 2892 ||| IDENTIFYING ruby potion
  2997 | D:3      | 2997 ||| Stepping ~*~*~tactically~*~*~ (stealth).
  3000 | D:3      | 3000 ||| Stepping ~*~*~tactically~*~*~ (stealth).
  3247 | D:3      | Noticed Natasha
  3268 | D:3      | HP: 4/36 [Natasha/magic dart (7)]
  3269 | D:3      | 3269 ||| READING scroll of teleportation.
  3269 | D:3      | Slain by an iron imp

Levels and vault maps discovered:
D:1:      psy_arrival_spokes, layout_basic, serial_corexii_hall,
          corexii_hall_statues_s, corexii_hall_statues_s,
          hellmonk_ecumenical_altar_lost_god, minmay_lizard_pond
D:2:      layout_basic, uniq_robin
D:3:      layout_rooms, mainiacjoe_overflow_chevrons, fedhas_altar_2,
          lemuel_tele_altar, amcnicky_mini_rare_corridor_liquid, uniq_jessica,
          uniq_natasha

Skill      XL: |  1  2  3 |
---------------+----------+-----
Axes           | 1 2 |  2.9
Fighting       | 1 2 |  2.0
Armour         | 1 |  1.1
Dodging        | |  1.7
Stealth        | |  2.1
Spellcasting   | |  1.7
Summonings     | |  3.6

Action                   |  1- 3 |  4- 6 || total
-------------------------+-------+-------++-------
Melee: Unarmed           |    10 |       ||    10
       Club              |    22 |       ||    22
       Whip              |    27 |       ||    27
       Rapier            |    54 |   100 ||   154
       Punch             |     3 |     2 ||     5
 Cast: Summon Small Mamm |    62 |       ||    62
  Use: Scroll            |     5 |     5 ||    10
       Potion            |     1 |     1 ||     2
Armor: Robe              |    27 |       ||    27
       Scale mail        |    38 |    58 ||    96
Dodge: Dodged            |    79 |    33 ||   112

Table legend:
 A = Non-vault XP
 B = Vault XP
 C = Vault XP percentage of total XP
 D = Non-vault monster count
 E = Vault monster count
 F = Vault count percentage of total count
                 A         B        C        D         E       F
            +---------+---------+-------+---------+---------+-------
      Total |      99 |      42 |  29.8 |      45 |      17 |  27.4
            +---------+---------+-------+---------+---------+-------
        D:1 |      42 |       5 |  10.6 |      27 |       5 |  15.6
        D:2 |      31 |      37 |  54.4 |      12 |      12 |  50.0
        D:3 |      26 |       0 |   0.0 |       6 |       0 |   0.0
            +---------+---------+-------+---------+---------+-------
